Map: Hardwire LE

Players

Makero

  • Race: Zerg Zerg
  • League: Master
  • Spawn Location: 7:00

Pumba - Winner!

  • Race: Protoss Protoss
  • League: Master
  • Spawn Location: 1:00

VOD

Have the link to the VOD?

Description

Time

  • Played on: April 5, 2022, 6 p.m.
  • Length: 10:32
Show
View Real Time Build Order
Export as new Build Order

Makero Zerg 

Build Orders: Pool First 

Get SALT Encoding   

  12  0:18  Spawning Pool  
  11  0:22  Drone  
  11  0:25  Drone  
  13  0:30  Drone  
  14  0:39  Overlord  
  14  1:04  Zergling x2  
  14  1:05  Zergling x4  
  17  1:15  Hatchery  
  17  1:16  Zergling x2  
  17  1:26  Zergling x2  
  18  1:33  Queen  
  18  1:37  Drone  
  21  1:48  Overlord  
  21  1:59  Drone  
  22  2:09  Queen  
  23  2:17  Drone  
  23  2:21  Drone  
  23  2:33  Drone  
  23  2:34  Queen, Drone  
  27  2:39  Drone  
  28  2:47  Drone  
  29  2:52  Drone x2  
  31  2:58  Hatchery  
  31  3:03  Zergling x4  
  32  3:13  Overlord  
  32  3:15  Zergling x4  
  34  3:20  Extractor  
  34  3:21  Extractor  
  34  3:24  Drone x2  
  33  3:43  Drone x4  
  33  3:44  Drone x4  
  39  3:54  Queen, Drone x2  
  43  3:57  Overlord  
  43  4:13  Queen  
  43  4:14  Hatchery  
  44  4:22  Drone x4  
  48  4:35  Overlord x2  
  48  4:39  Metabolic Boost  
  48  4:53  Queen  
  48  4:55  Lair  
  48  4:57  Drone  
  48  4:59  Spore Crawler  
  50  5:01  Spore Crawler  
  50  5:06  Drone x2  
  51  5:07  Spore Crawler  
  51  5:09  Drone  
  51  5:10  Drone x2, Roach Warren  
  51  5:13  Drone x2  
  54  5:16  Drone  
  54  5:17  Drone  
  56  5:22  Overlord  
  56  5:27  Drone x3  
  59  5:40  Drone x3  
  59  5:41  Drone x2  
  63  5:47  Overlord x2  
  63  5:48  Overlord  
  62  6:05  Drone  
  62  6:06  Drone x8  
  71  6:13  Drone x4  
  71  6:17  Extractor  
  74  6:18  Extractor  
  73  6:30  Drone, Extractor  
  73  6:31  Drone x6, Extractor  
  78  6:35  Hatchery  
  78  6:36  Drone x4  
  81  6:57  Evolution Chamber  
  81  6:58  Baneling Nest, Drone x2  
  81  6:59  Drone  
  81  7:00  Infestation Pit  
  81  7:11  Glial Reconstitution  
  81  7:13  Roach x8  
  97  7:15  Drone  
  97  7:16  Overlord x2  
  98  7:31  Zerg Melee Weapons Level 1  
  98  7:33  Overlord x2  
  98  7:34  Overlord x3  
  98  7:39  Pneumatized Carapace  
  98  7:45  Hive  
  98  7:46  Centrifugal Hooks  
  98  7:47  Spire  
  98  7:48  Drone x2  
  98  7:49  Drone  
  100  7:58  Zergling x10  
  101  7:59  Zergling x10  
  101  8:00  Extractor  
  101  8:01  Extractor  
  108  8:16  Zergling x2  
  108  8:17  Zergling x14, Queen  
  116  8:34  Drone x3  
  116  8:35  Drone x3  
  116  8:39  Roach x8  
  138  8:41  Baneling x3  
  138  8:42  Baneling x13  
  138  9:00  Corruptor  
  138  9:01  Corruptor x7  
  154  9:15  Roach  
  154  9:16  Roach x2  
  160  9:23  Overlord x3  
  156  9:26  Baneling  
  156  9:27  Baneling x12  
  156  9:29  Roach x3  
  148  9:40  Roach x6  
  148  9:41  Roach x3  
  147  9:48  Roach  
  147  9:49  Roach x4  
  147  9:50  Roach  
  152  9:55  Roach x3  
  145  10:02  Roach  
  145  10:03  Roach x4  
Show
View Real Time Build Order
Export as new Build Order

Pumba Protoss - Winner!

Build Orders:  

Get SALT Encoding   

  12  0:00  Probe  
  13  0:15  Pylon  
  13  0:17  Probe (Chrono Boost)  
  14  0:27  Probe (Chrono Boost)  
  15  0:32  Probe (Chrono Boost)  
  16  0:39  Gateway  
  16  0:44  Probe  
  16  0:48  Assimilator  
  17  0:56  Probe  
  18  1:08  Probe  
  19  1:23  Gateway  
  19  1:25  Probe, Pylon  
  20  1:27  Cybernetics Core  
  20  1:31  Zealot (Chrono Boost)  
  22  1:52  Zealot (Chrono Boost)  
  24  2:04  Nexus  
  26  2:18  Adept (Chrono Boost)  
  26  2:19  Adept (Chrono Boost)  
  28  2:26  Pylon  
  28  2:27  Probe  
  29  2:35  Assimilator  
  29  2:43  Probe  
  30  2:55  Stargate, Probe  
  31  3:07  Warp Gate, Probe  
  33  3:20  Probe (Chrono Boost)  
  33  3:23  Probe (Chrono Boost)  
  33  3:26  Zealot  
  36  3:31  Probe (Chrono Boost)  
  36  3:32  Probe (Chrono Boost)  
  38  3:35  Probe (Chrono Boost)  
  39  3:44  Probe  
  39  3:46  Probe  
  41  3:51  Void Ray  
  41  3:56  Shield Battery, Probe  
  41  3:58  Pylon  
  41  3:59  Probe  
  43  4:08  Probe  
  44  4:13  Probe  
  45  4:20  Probe  
  45  4:21  Gateway  
  45  4:22  Gateway  
  46  4:25  Probe  
  46  4:29  Twilight Council  
  46  4:30  Oracle (Chrono Boost), Forge  
  47  4:37  Probe  
  51  4:39  Assimilator  
  51  4:40  Probe  
  51  4:42  Assimilator  
  52  4:50  Probe  
  52  4:52  Probe  
  54  4:58  Pylon  
  54  5:02  Probe  
  55  5:08  Nexus  
  55  5:10  Pylon  
  55  5:16  Probe  
  55  5:17  Probe  
  55  5:20  Sentry x3  
  63  5:22  Sentry  
  66  5:28  Probe  
  66  5:29  Probe  
  67  5:40  Probe  
  67  5:41  Probe  
  69  5:47  Protoss Ground Weapons Level 1 (Chrono Boost)  
  69  5:51  Blink  
  69  5:52  Probe  
  69  5:54  Robotics Facility, Probe  
  71  6:04  Probe  
  71  6:06  Probe  
  73  6:12  Sentry  
  73  6:13  Sentry  
  73  6:16  Pylon  
  73  6:17  Probe  
  73  6:18  Pylon  
  78  6:20  Probe, Gateway  
  78  6:21  Gateway  
  78  6:25  Gateway  
  79  6:29  Probe  
  79  6:32  Probe  
  81  6:35  Probe  
  81  6:38  Shield Battery, Assimilator  
  82  6:40  Assimilator  
  82  6:41  Probe, Pylon  
  82  6:42  Pylon  
  82  6:44  Probe  
  82  6:45  Stalker  
  86  6:47  Observer (Chrono Boost), Probe  
  86  6:52  Robotics Bay  
  86  6:53  Probe  
  89  6:55  Robotics Facility  
  89  6:57  Probe  
  89  6:59  Probe  
  91  7:05  Probe  
  92  7:09  Probe  
  92  7:11  Probe  
  94  7:22  Immortal (Chrono Boost), Stalker  
  98  7:23  Stalker x3  
  98  7:25  Gateway  
  106  7:41  Colossus (Chrono Boost)  
  106  7:42  Stalker, Protoss Ground Weapons Level 2 (Chrono Boost)  
  106  7:43  Stalker x2  
  118  7:51  Pylon  
  118  7:53  Pylon  
  118  7:58  Pylon  
  118  8:05  Warp Prism (Chrono Boost), Pylon  
  118  8:10  Stalker x4  
  128  8:27  Stalker  
  128  8:28  Colossus (Chrono Boost)  
  136  8:34  Stalker x5  
  146  8:42  Disruptor (Chrono Boost)  
  146  8:44  Pylon  
  146  8:46  Pylon  
  146  8:47  Charge (Chrono Boost)  
  146  8:48  Pylon  
  149  8:53  Stalker x3  
  149  8:55  Pylon  
  155  9:08  Stalker x5  
  163  9:26  Stalker x3  
  163  9:39  Stalker x5  
  165  9:59  Stalker  
  155  10:00  Stalker x2  
  157  10:10  Zealot  
  157  10:11  Zealot x4  
  157  10:19  Nexus  
  157  10:26  Assimilator  
  157  10:31  Assimilator  
Tags
 
Add a new tag
Caveats
  • Supply blocks, unpowered buildings, or Contaminate may cause inaccurate times.
  • Supply counts are checked every 10 seconds.